 Dungeon Crawl Stone Soup version 0.25-a0-842-g81a31cfd23 (webtiles) character file.

Game seed: 16675261818528694597, levelgen mode: deterministic

296 Conn the Magician (level 6, -2/37 HPs)
             Began as an Octopode Fire Elementalist on Apr 24, 2020.
             Slain by an ogre
             ... wielding a +0 giant club
              (21 damage)
             ... on level 4 of the Dungeon.
             The game lasted 00:12:54 (4036 turns).

Conn the Magician (Octopode Fire Elementalist)      Turns: 4036, Time: 00:13:01

Health: -2/37      AC:  1    Str:  8    XL:     6   Next: 34%
Magic:  7/12       EV: 14    Int: 22    God:
Gold:   262        SH:  0    Dex: 12    Spells: 2/13 levels left

rFire    . . .     SeeInvis .   d - +1 dagger
rCold    . . .     Gourm    .   (no shield)
rNeg     . . .     Faith    .   (helmet restricted)
rPois    .         Spirit   .   (no amulet)
rElec    .         Reflect  .   m - +3 ring of intelligence
rCorr    .         Harm     .   (no ring)
MR       .....                  (no ring)
Stlth    +++.......             (no ring)
HPRegen  0.12/turn              (no ring)
MPRegen  0.13/turn              (no ring)
                                (no ring)
                                (no ring)

@: very slightly contaminated
A: almost no armour, stealthy swim, amphibious, 8 rings, constrict 8, camouflage
1, gelatinous body 1
a: no special abilities


You were on level 4 of the Dungeon.
You were very hungry.

You visited 1 branch of the dungeon, and saw 4 of its levels.

You collected 262 gold pieces.

Inventory:

Hand Weapons
 d - a +1 dagger (weapon)
 o - a cursed -3 hunting sling
Missiles
 q - 40 sling bullets
Jewellery
 m - a +3 ring of intelligence (left tentacle)
Scrolls
 h - a scroll of fog {unknown}
 i - 2 scrolls of remove curse
Potions
 a - a potion of resistance
 c - a potion of flight {unknown}
 f - a potion of haste {unknown}
 j - a potion of stabbing
 k - a potion of berserk rage {unknown}
 l - a potion of curing {unknown}
 p - a potion of might {unknown}
Comestibles
 b - 7 rations


   Skills:
 + Level 0.8 Fighting
 + Level 1.3 Short Blades
 + Level 2.6 Dodging
 + Level 3.7 Stealth
 * Level 4.1 Spellcasting
 + Level 2.2 Conjurations
 + Level 3.9 Fire Magic


You had 2 spell levels left.
You knew the following spells:

 Your Spells              Type           Power        Failure   Level  Hunger
a - Foxfire               Conj/Fire      ###.         3%          1    None
b - Conjure Flame         Conj/Fire      ###.....     10%         3    ##.....
c - Inner Flame           Hex/Fire       ##......     16%         3    ##.....
d - Sticky Flame          Conj/Fire      ###.....     30%         4    ####...

Your spell library contained the following spells:

 Spells                   Type           Power        Failure   Level  Hunger
 Fireball                 Conj/Fire      ###.......   65%         5    ######.


Dungeon Overview and Level Annotations

Branches:
Dungeon (4/15)
 Temple: D:4-7

Altars:
Xom

Annotations:
D:4 Robin


Innate Abilities, Weirdness & Mutations

You cannot wear most types of armour.
You are very stealthy in the water. (Stealth+)
You are amphibious.
You can wear up to eight rings at the same time.
You can use your tentacles to constrict eight enemies at once.
Your skin changes colour to match your surroundings (Stealth+).
Your rubbery body absorbs attacks. (AC +1, EV +1)


Message History

The foxfire hits the ogre.
The ogre is heavily wounded.
Casting: Foxfire (safe; 3% risk of failure)
Confirm with . or Enter, or press ? or * to list all spells.
You conjure some foxfire!
The foxfire hits the ogre.
The ogre is heavily wounded.
The foxfire hits the ogre.
The ogre is heavily wounded.
Casting: Foxfire (safe; 3% risk of failure)
Confirm with . or Enter, or press ? or * to list all spells.
Aiming: Sticky Flame (dangerous; 30% risk of failure)
Press: ? - help, Shift-Dir - straight line, f - ogre
Aim: an ogre, wielding a +0 giant club (heavily wounded)
You miscast Sticky Flame.
You are very lightly contaminated with residual magic.
A wave of violent energy washes through your body!!
You are feeling very hungry.
The ogre hits you with a +0 giant club!!
Ouch! That really hurt!
You die...

##...##.......... ##
#....#.>##.#...#. #.
#....#####..## ###.
#.....# #..#. ...###
#.###.# ##...
....#######.###...#.
#..#.###........###
##...............#
#..@O......#####.#
#..##.#......###.##.
###.##.###............
###.......###........##
#.......>.#
#..(......#.
##.....##.#
##..........
##.......####..........
#......................
##.#..##...............


You could see an ogre.

Vanquished Creatures
  An ice beast (D:3)
  An orc priest (D:3)
  3 adders
  4 worms
  A dart slug (D:2)
  3 leopard geckos
  9 orcs (D:3)
  A ball python (D:1)
  9 giant cockroaches (D:3)
  10 hobgoblins
  23 jackals
  3 quokkas
  5 bats
  8 frilled lizards
  19 goblins
  2 kobolds (D:1)
  5 rats
107 creatures vanquished.

Vanquished Creatures (others)
  196 foxfires
196 creatures vanquished.

Grand Total: 303 creatures vanquished

Notes
Turn   | Place    | Note
-------+----------+-------------------------------------------
     0 | D:1      | Conn the Octopode Fire Elementalist began the quest for the
                  | Orb.
     0 | D:1      | Reached XP level 1. HP: 11/11 MP: 3/3
   302 | D:1      | Reached XP level 2. HP: 17/17 MP: 0/5
   785 | D:1      | Reached XP level 3. HP: 21/21 MP: 2/6
   830 | D:1      | Learned a level 3 spell: Conjure Flame
  1271 | D:2      | Reached skill level 3 in Spellcasting
  1271 | D:2      | Reached XP level 4. HP: 23/27 MP: 8/8
  2822 | D:3      | Reached XP level 5. HP: 21/31 MP: 10/10
  2913 | D:3      | Noticed an ice beast
  2986 | D:2      | Learned a level 3 spell: Inner Flame
  3301 | D:3      | Killed an ice beast
  3301 | D:3      | Reached skill level 1 in Short Blades
  3301 | D:3      | Reached skill level 4 in Spellcasting
  3301 | D:3      | Reached XP level 6. HP: 37/37 MP: 7/12
  3321 | D:3      | Found a shimmering altar of Xom.
  3699 | D:4      | Noticed Robin
  3724 | D:4      | HP: 1/37 [goblin/+0 club[Robin] (3)]
  4026 | D:4      | Learned a level 4 spell: Sticky Flame
  4036 | D:4      | Slain by an ogre

Levels and vault maps discovered:
D:1:      dpeg_arrival_brainrot, layout_loops_corners
D:2:      layout_loops_ring
D:3:      minmay_roachtagon, layout_basic, lemuel_coloured_pillars_altar,
          serial_glass, glass_columns_b, glass_columns_a, glass_columns_a
D:4:      layout_cave_pools, first_ration, uniq_robin

Skill      XL: |  1  2  3  4  5 |
---------------+----------------+-----
Stealth        | 3 |  3.7
Spellcasting   | 3 4 |  4.1
Short Blades   | 1 |  1.3
Conjurations   | 2 |  2.2
Fighting       | |  0.8
Dodging        | |  2.6
Fire Magic     | |  3.9

Action                   |  1- 3 |  4- 6 || total
-------------------------+-------+-------++-------
Melee: Dagger            |    10 |    89 ||    99
       Constrict         |     3 |    24 ||    27
       Tentacles         |     1 |    13 ||    14
 Cast: Foxfire           |    46 |    73 ||   119
       Conjure Flame     |       |     1 ||     1
  Use: Scroll            |       |     8 ||     8
       Potion            |       |     2 ||     2
 Stab: Sleeping          |     1 |     4 ||     5
  Eat: Chunk             |     1 |     8 ||     9
Armor: Skin              |     1 |     5 ||     6
Dodge: Dodged            |    23 |   101 ||   124

Table legend:
 A = Non-vault XP
 B = Vault XP
 C = Vault XP percentage of total XP
 D = Non-vault monster count
 E = Vault monster count
 F = Vault count percentage of total count
                 A         B        C        D         E       F
            +---------+---------+-------+---------+---------+-------
      Total |     385 |      38 |   9.0 |      88 |      19 |  17.8
            +---------+---------+-------+---------+---------+-------
        D:1 |      44 |       2 |   4.3 |      26 |       1 |   3.7
        D:2 |      72 |       0 |   0.0 |      26 |       0 |   0.0
        D:3 |     262 |      18 |   6.4 |      33 |       9 |  21.4
        D:4 |       7 |      18 |  72.0 |       3 |       9 |  75.0
            +---------+---------+-------+---------+---------+-------
